 Dungeon Crawl Stone Soup version 0.26-a0-597-gb535b0901c (webtiles) character file.

Game seed: 5440646781451433576

588 Lanoc the Covered (level 7, 0/44 HPs)
             Began as a Halfling Wanderer on Aug 26, 2020.
             Was an Initiate of Hepliaklqana.
             Slain by a gnoll
             ... wielding a +0 club
              (8 damage)
             ... on level 4 of the Dungeon.
             The game lasted 00:07:47 (3552 turns).

Lanoc the Covered (Halfling Wanderer)               Turns: 3552, Time: 00:07:48

Health: 0/44       AC:  0    Str: 13    XL:     7   Next: 65%
Magic:  7/7        EV: 17    Int: 11    God:    Hepliaklqana [......]
Gold:   224        SH:  0    Dex: 15    Spells: 6/6 levels left

rFire    . . .     SeeInvis .   r - +5 quarterstaff (chaos)
rCold    + . .     Faith    .   (shield currently unavailable)
rNeg     . . .     Spirit   .   n - +1 robe {rC+}
rPois    .         Reflect  .   (no helmet)
rElec    .         Harm     .   c - +0 cloak
rCorr    +                      (no gloves)
MR       .....                  (no boots)
Stlth    +++.......             (no amulet)
HPRegen  0.14/turn              m - -4 ring of protection (curse)
MPRegen  0.10/turn              i - ring of resist corrosion

@: lethally poisoned (0 -> -5)
A: small, reduced essence, mutation resistance 1
a: Recall Ancestor, Ancestor Identity, Renounce Religion


You were on level 4 of the Dungeon.
You worshipped Hepliaklqana.
Hepliaklqana was noncommittal.
You visited 2 branches of the dungeon, and saw 5 of its levels.

You collected 245 gold pieces.
You donated 21 gold pieces to Zin.

Inventory:

Hand Weapons
 a - a +3 dagger
 r - a +5 quarterstaff of chaos (weapon)
Missiles
 g - 2 atropa-tipped darts
 h - 38 sling bullets
 j - 56 stones
 k - a curare-tipped dart (quivered)
Armour
 c - a +0 cloak (worn)
 n - a +1 robe of cold resistance (worn)
Jewellery
 i - a ring of resist corrosion (right hand)
 m - a cursed -4 ring of protection (left hand)
Wands
 f - a wand of acid (8)
 p - a wand of flame (15)
Scrolls
 b - a scroll of identify
 s - a scroll of magic mapping {unknown}
 t - 4 scrolls of remove curse {unknown}
 u - a scroll of teleportation
Potions
 d - 4 potions of lignification
 e - a potion of ambrosia {unknown}
 l - a potion of might {unknown}
 o - a potion of magic {unknown}
 q - a potion of curing {unknown}
 v - a potion of flight {unknown}


   Skills:
 + Level 4.3 Fighting
   Level 2.0 Long Blades
   Level 1.0 Axes
 + Level 4.8 Armour
 + Level 4.6 Dodging
 - Level 4.3 Stealth


You had 6 spell levels left.
You didn't know any spells.
Your spell library contained the following spells:

 Spells                   Type           Power        Failure   Level
 Summon Small Mammal      Summ           #...         34%         1
 Call Imp                 Summ           #.......     47%         2
 Call Canine Familiar     Summ           #.......     71%         3
 Summon Guardian Golem    Hex/Summ       #.......     71%         3
 Summon Ice Beast         Ice/Summ       #.......     98%         4
 Summon Lightning Spire   Summ/Air       #.......     98%         4


Dungeon Overview and Level Annotations

Branches:
Dungeon (4/15)             Temple (1/1) D:4

Altars:
Ashenzari
Dithmenos
Gozag
Hepliaklqana
Kikubaaqudgha
Makhleb
Nemelex Xobeh
Okawaru
Qazlal
Sif Muna
Vehumet
Yredelemnul
Zin

Shops:
D:4 =


Innate Abilities, Weirdness & Mutations

You are small and have problems with some larger weapons.
You are somewhat resistant to further mutation.
Your life essence is reduced to manifest your ancestor. (-10% HP)


Message History

The adder misses you.
You hit the adder.
You kill the adder!
You feel sick.
The gnoll hits you from afar with a +0 spear!
The gnoll barely misses you. The gnoll hits you with a +0 club!
* * * LOW HITPOINT WARNING * * *
The gnoll hits you from afar with a +0 spear.
* * * LOW HITPOINT WARNING * * *
Hrothgar hits the gnoll.
You feel sick.
The gnoll hits Hrothgar with a +0 spear!
The gnoll barely misses Hrothgar.
Hrothgar hits the gnoll!
Okay, then.
The gnoll hits Hrothgar with a +0 spear!
Hrothgar barely misses the gnoll.
The gnoll hits Hrothgar but does no damage.
You feel sick.
You barely miss the gnoll.
You feel sick. The gnoll hits you with a +0 club!
You die...

##....#####.....#....###
#####.....###.......#......#
#...................###).###
#............##.....)##..#.#
#####....#..............#.....#
##.##..........#..#.#....)......
#....#.....#...##.#####.#.......
#..#.##..#.##.....# ##.#..###..
#..#....##.#..g@..# #..........
##.##....##>#.g##.## ##.#....#...
#..###......g..#..####..#........
##......####)R####.##............
#<...### ...g. #......#........
###....##....... #......##.......
#.......#...###..#.......###..#..
#....>..+..# ..+.....### ##.###
#.....<.+.. ..+.......####.. #


You could see 3 gnolls.

Vanquished Creatures
  Sigmund (D:3)
  3 hounds (D:4)
  Crazy Yiuf (D:3)
  A bullfrog skeleton (D:4)
  A centaur skeleton (D:4)
  Jessica (D:3)
  A worker ant (D:4)
  5 adders
  An ooze (D:3)
  2 worms (D:3)
  3 dart slugs
  2 leopard geckos
  9 orcs
  2 bats
  2 giant cockroaches
  6 goblins
  3 hobgoblins (D:3)
  3 kobolds
  3 quokkas
  A ball python (D:3)
  3 frilled lizards
  6 rats
60 creatures vanquished.

Vanquished Creatures (others)
  A dart slug (D:2)
1 creature vanquished.

Grand Total: 61 creatures vanquished

Notes
Turn   | Place    | Note
-------+----------+-------------------------------------------
     0 | D:1      | Lanoc the Halfling Wanderer began the quest for the Orb.
     0 | D:1      | Lanoc set off with the following items: a +2 dagger, a
                  | potion of berserk rage, a +0 falchion, a potion of
                  | lignification, a +0 robe
     0 | D:1      | Reached XP level 1. HP: 14/14 MP: 1/1
   247 | D:1      | Reached XP level 2. HP: 17/19 MP: 2/2
   449 | D:1      | Reached skill level 1 in Dodging
   885 | D:2      | Reached XP level 3. HP: 24/24 MP: 3/3
  1388 | D:3      | Noticed Sigmund
  1397 | D:3      | Killed Sigmund
  1397 | D:3      | Reached XP level 4. HP: 31/31 MP: 4/4
  1397 | D:3      | Reached XP level 5. HP: 36/36 MP: 5/5
  1397 | D:3      | Reached XP level 6. HP: 42/42 MP: 6/6
  2080 | D:3      | Noticed Jessica
  2089 | D:3      | Killed Jessica
  2200 | D:3      | Found a runed translucent door.
  2201 | D:3      | Noticed Crazy Yiuf
  2436 | D:3      | Killed Crazy Yiuf
  2765 | D:4      | Reached XP level 7. HP: 34/47 MP: 7/7
  3269 | D:4      | Found a staircase to the Ecumenical Temple.
  3290 | Temple   | Entered the Ecumenical Temple
  3348 | Temple   | Became a worshipper of Zin the Law-Giver
  3348 | Temple   | Reached * piety under Zin
  3363 | Temple   | Fell from the grace of Zin
  3363 | Temple   | Became a worshipper of Hepliaklqana the Forgotten
  3476 | D:4      | Found Daecyin's Jewellery Shoppe.
  3552 | D:4      | Slain by a gnoll

Illustrated notes

Levels and vault maps discovered:
D:1:      ncdulo_lavacross, layout_loops_ring
D:2:      layout_rooms, doesnt_xom_only_xom
D:3:      layout_loops_ring, hangedman_feature_mirror, corexii_leaking_fountain,
          kennysheep_generic_room_8, uniq_jessica, uniq_crazy_yiuf_cottage,
          uniq_sigmund
D:4:      layout_cave_pools, minmay_temple_entry_offerings, serial_shops,
          nicolae_shop_crystal, kennysheep_generic_room_7
Temple:   cyrus_circular_temple

Skill      XL: |  1  2  3  4  5  6  7 |
---------------+----------------------+-----
Fighting       | 2 3 4 |  4.3
Dodging        | 1 3 4 |  4.6
Armour         | 2 3 4 |  4.8
Long Blades    | |  2.0
Axes           | |  1.0
Stealth        | |  4.3

Action                   |  1- 3 |  4- 6 |  7- 9 || total
-------------------------+-------+-------+-------++-------
Melee: Dagger            |    71 |    54 |       ||   125
       Quarterstaff      |       |    21 |    30 ||    51
Throw: Dart              |    11 |       |       ||    11
Invok: Recall Ancestor   |       |       |     1 ||     1
Evoke: Wand              |       |     1 |       ||     1
  Use: Scroll            |     6 |     3 |     1 ||    10
       Potion            |     2 |       |       ||     2
 Stab: Sleeping          |     3 |    11 |     1 ||    15
Armor: Robe              |     1 |       |       ||     1
Dodge: Dodged            |    48 |    49 |    23 ||   120

Table legend: (Time is in decaauts)
 A = Elapsed time spent in this place.
 B = Non-inter-level travel time spent in this place.
 C = Inter-level travel time spent in this place.
 D = Time resting spent in this place.
 E = Time spent auto-exploring this place.
 F = Levels seen in this place.
 G = Mean time per level.
                   A        B        C        D        E       F      G
               +--------+--------+--------+--------+--------+-----+--------+
         Total |   3564 |   3513 |     51 |    235 |   2608 |   5 |  712.8 |
       Dungeon |   3476 |   3439 |     37 |    235 |   2565 |   4 |  869.0 |
        Temple |     88 |     74 |     14 |      0 |     43 |   1 |   88.0 |
               +--------+--------+--------+--------+--------+-----+--------+

Top non-repeatable levels by time:
     D:3: 1745 daAuts
     D:4: 766 daAuts
     D:1: 684 daAuts
     D:2: 278 daAuts
  Temple: 88 daAuts
